 Dungeon Crawl Stone Soup version 0.27.1-2-g3b301248ec (webtiles) character file.

Game seed: 16185677764768805879

6857 r3algood3 the Thaumaturge (level 10, -2/50 HPs)
             Began as a Deep Elf Conjurer on Sept 28, 2021.
             Slain by a vampire (7 damage)
             ... on level 9 of the Dungeon.
             The game lasted 00:35:13 (12086 turns).

r3algood3 the Thaumaturge (Deep Elf Conjurer)      Turns: 12086, Time: 00:35:16

Health: -2/50      AC: 10    Str:  4    XL:     10   Next: 78%
Magic:  14/27      EV: 12    Int: 27    God:
Gold:   493        SH:  0    Dex: 13    Spells: 17/31 levels left

rFire    . . .     SeeInvis .   n - +10 club
rCold    . . .     Faith    .   (no shield)
rNeg     . . .     Spirit   .   a - +0 robe
rPois    .         Reflect  .   o - +1 helmet
rElec    .         Harm     .   (no cloak)
rCorr    .         Rampage  .   u - +0 pair of gloves
Will     +....                  (no boots)
Stlth    ++........             k - amulet of the acrobat
HPRegen  0.16/turn              e - +4 ring of slaying
MPRegen  0.20/turn              i - +4 ring of protection

@: no status effects
A: no striking features
a: no special abilities


You were on level 9 of the Dungeon.
You visited 1 branch of the dungeon, and saw 9 of its levels.
You also visited: Ossuary.

You collected 493 gold pieces.

Inventory:

Hand Weapons
 c - a +4 dire flail of distortion
 n - a +10 club (weapon)
 q - a +2 whip of flaming
 w - a +0 shortbow
 R - a +4 battleaxe
Missiles
 x - 143 arrows
Armour
 a - a +0 robe (worn)
 o - a +1 helmet (worn)
 u - a +0 pair of gloves (worn)
 y - a +0 chain mail
Jewellery
 e - a +4 ring of slaying (left hand)
 i - a +4 ring of protection (right hand)
 k - an amulet of the acrobat (around neck)
 l - a ring of positive energy
 z - a ring of poison resistance
 K - a +6 ring of strength
 P - the ring "Ygiups" {rPois rF- Will++ Str+6 Int-3}
   (You found it in an ossuary)

   [ring of strength]

   Str:       It affects your strength (+6).
   Int:       It affects your intelligence (-3).
   rF:        It makes you vulnerable to fire.
   rPois:     It protects you from poison.
   Will:      It greatly increases your willpower.
Wands
 r - a wand of polymorph (3)
Scrolls
 d - a scroll of noise {unknown}
 f - 2 scrolls of torment {unknown}
 g - 4 scrolls of enchant armour {unknown}
 t - 3 scrolls of vulnerability {unknown}
 C - 2 scrolls of magic mapping {unknown}
 D - a scroll of teleportation {unknown}
 F - 2 scrolls of enchant weapon {unknown}
 I - 2 scrolls of brand weapon {unknown}
 J - a scroll of identify
 N - a scroll of silence {unknown}
 O - 4 scrolls of blinking {unknown}
 Q - 2 scrolls of fear {unknown}
Potions
 b - 3 potions of degeneration
 h - a potion of flight
 j - a potion of brilliance
 m - 2 potions of magic
 p - a potion of invisibility
 s - 4 potions of attraction
 v - a potion of cancellation {unknown}
 A - a potion of might {unknown}
 B - 2 potions of mutation {unknown}
 E - 3 potions of curing
 G - 2 potions of haste {unknown}
 H - 3 potions of lignification
 L - a potion of ambrosia {unknown}
 M - a potion of resistance {unknown}


   Skills:
 + Level 9.7 Armour
 - Level 2.8 Dodging
 - Level 2.9 Stealth
 - Level 11.0 Spellcasting
 - Level 10.1 Conjurations


You had 17 spell levels left.
You knew the following spells:

 Your Spells              Type           Power      Damage    Failure   Level
a - Magic Dart            Conj           100%       1d8       1%          1
b - Searing Ray           Conj           100%       3d7       1%          2
c - Iskenderun's Mystic   Conj/Tloc      42%        2d10      4%          4
d - Fulminant Prism       Conj/Hex       21%        3d13      4%          4
e - Dazzling Flash        Conj/Hex       84%        N/A       1%          3

Your spell library contained the following spells:

 Spells                   Type           Power      Damage    Failure   Level
 Lightning Bolt           Conj/Air       21%        1d36      13%         5
 Airstrike                Air            7%         N/A       36%         4
 Summon Lightning Spire   Summ/Air       14%        N/A       36%         4
 Starburst                Conj/Fire      21%        6d7       58%         6


Dungeon Overview and Level Annotations

Branches:
Dungeon (9/15)             Temple (0/1) D:7         Ossuary (visited)
   Lair: D:8-11         Orc: D:9-12

Altars:
Ashenzari
Cheibriados
Dithmenos
Fedhas
Nemelex Xobeh
Trog
Wu Jian
Xom
The Shining One

Shops:
D:8 *


Message History

A troll comes into view.
The vampire misses you. The vampire closely misses you.
You're too confused to cast spells.
You're too confused to cast spells.
You feel less confused.
Casting: Searing Ray (safe; 1% risk of failure)
Confirm with . or Enter, or press ? or * to list all spells.
Aiming: Searing Ray (safe; 1% risk of failure)
Press: ? - help, Shift-Dir - straight line, f/p - vampire
Aim: a vampire (severely damaged, 83% to hit)
The searing ray hits the vampire.
The vampire is severely damaged. (Press . to maintain the ray.)
The vampire gestures at you while chanting.
You easily resist.
The searing ray hits the vampire.
The vampire is severely damaged.
The vampire draws life force from you!
* * * LOW HITPOINT WARNING * * *
The vampire is healed by the life force!
The searing ray hits the vampire!
The vampire is severely damaged.
The vampire completely misses you. The vampire misses you.
The searing ray hits the vampire.
The vampire is almost destroyed.
You finish channeling your searing ray.
The vampire points at you and mumbles some strange words.
You easily resist.
The vampire draws life force from you.
* * * LOW HITPOINT WARNING * * *
The vampire is healed by the life force!
Casting: Searing Ray (safe; 1% risk of failure)
Confirm with . or Enter, or press ? or * to list all spells.
Aiming: Searing Ray (safe; 1% risk of failure)
Press: ? - help, Shift-Dir - straight line, f/p - vampire
Aim: a vampire (almost destroyed, 83% to hit)
The searing ray misses the vampire. (Press . to maintain the ray.)
The vampire hits you!
You die...

##.#.#.....................
..T#.####.##..###...).....#
.#........#...# #.#<.......
..........#...# #.##...#...
#............## #.##...#...
...........#... .........#.
######.....######.###......
###.)........#.......#..
#.....V@..##.#.......###
#.###+#...# #.....).... ...
#...# #.......### ### #...#
....(...## #...# #######..#
##### ##.## #... ##.# #..


You could see a vampire.

Vanquished Creatures
  A two-headed ogre (D:8)
  Pikel (D:4)
  Grinder (D:4)
  Eustachio (D:4)
  Sigmund (D:5)
  A wraith (Ossuary)
  A wyvern (D:9)
  4 yaks (D:9)
  A steam dragon (D:7)
  Edmund (D:5)
  Duvessa (D:4)
  A water moccasin (D:7)
  A black bear (D:6)
  3 ice beasts
  3 orc warriors
  5 necrophages
  2 ogres
  4 centaurs
  3 lemures (D:4)
  A bullfrog (D:8)
  3 wyvern zombies
  5 scorpions
  Dowan (D:4)
  2 wyvern skeletons (D:7)
  10 killer bees
  11 wights
  A bullfrog zombie (D:5)
  2 centaur zombies (D:8)
  A gnoll shaman (D:8)
  4 orc priests
  5 hounds
  A jelly (D:7)
  A bullfrog skeleton (D:6)
  2 iguanas
  4 orc wizards
  A howler monkey zombie (D:8)
  3 mummies (Ossuary)
  Robin (D:3)
  2 gnolls (D:8)
  3 adders
  A shadow imp (D:7)
  A white imp (D:6)
  2 worms
  17 orcs
  3 bats
  8 endoplasms
  3 giant cockroaches
  15 goblins
  8 hobgoblins
  4 jackals (D:2)
  3 quokkas
  5 ball pythons
  2 frilled lizards (D:1)
  3 goblin zombies (Ossuary)
  2 hobgoblin zombies (Ossuary)
  11 kobolds
  3 kobold zombies (Ossuary)
  2 orc zombies (Ossuary)
  7 rats
200 creatures vanquished.

Vanquished Creatures (others)
  A gnoll (D:8)
  3 fulminant prisms
  12 fungi (D:3)
  3 toadstools (D:3)
19 creatures vanquished.

Grand Total: 219 creatures vanquished

Notes
Turn   | Place    | Note
-------+----------+-------------------------------------------
     0 | D:1      | r3algood3 the Deep Elf Conjurer began the quest for the
                  | Orb.
     0 | D:1      | Reached XP level 1. HP: 10/10 MP: 6/6
   223 | D:1      | Reached XP level 2. HP: 15/15 MP: 5/8
   284 | D:1      | Found a faded altar of an unknown god.
   638 | D:1      | Reached skill level 4 in Spellcasting
   645 | D:1      | Reached skill level 5 in Conjurations
   645 | D:1      | Reached XP level 3. HP: 19/19 MP: 4/10
  1216 | D:1      | Learned a level 2 spell: Searing Ray
  2258 | D:3      | Found a blossoming altar of Fedhas.
  2563 | D:3      | Reached XP level 4. HP: 24/24 MP: 10/12
  2621 | D:3      | Found a snail-covered altar of Cheibriados.
  2905 | D:3      | Noticed Robin
  2912 | D:3      | Killed Robin
  3240 | D:4      | Noticed a lemure
  3240 | D:4      | Noticed a lemure
  3240 | D:4      | Noticed a lemure
  3240 | D:4      | Noticed Pikel
  3242 | D:4      | Noticed a lemure
  3248 | D:4      | Killed a lemure
  3248 | D:4      | Killed a lemure
  3253 | D:4      | Killed a lemure
  3255 | D:4      | Killed Pikel
  3256 | D:4      | Reached skill level 7 in Spellcasting
  3256 | D:4      | Reached XP level 5. HP: 17/28 MP: 3/16
  3256 | D:4      | Reached XP level 6. HP: 20/32 MP: 3/18
  3256 | D:4      | Reached XP level 7. HP: 22/36 MP: 3/19
  3470 | D:4      | Noticed Dowan
  3472 | D:4      | Noticed Duvessa
  3508 | D:4      | Killed Duvessa
  3521 | D:4      | Killed Dowan
  3522 | D:4      | Reached skill level 8 in Spellcasting
  3568 | D:4      | Learned a level 4 spell: Iskenderun's Mystic Blast
  3573 | D:4      | Learned a level 4 spell: Fulminant Prism
  3653 | D:4      | Noticed Eustachio
  3678 | D:4      | Killed Eustachio
  3875 | D:4      | Noticed Grinder
  3884 | D:4      | Killed Grinder
  3885 | D:4      | Reached skill level 9 in Spellcasting
  3885 | D:4      | Reached XP level 8. HP: 24/41 MP: 13/23
  4946 | D:5      | Entered Level 5 of the Dungeon
  5082 | D:5      | Found a bloodstained altar of Trog.
  5093 | D:5      | Noticed Sigmund
  5141 | D:5      | Learned a level 3 spell: Dazzling Flash
  5258 | D:5      | Noticed Edmund
  5269 | D:5      | Killed Edmund
  5270 | D:5      | Reached skill level 10 in Spellcasting
  5351 | D:5      | Killed Sigmund
  5480 | D:5      | Reached skill level 10 in Conjurations
  5480 | D:5      | Reached XP level 9. HP: 29/45 MP: 15/25
  5564 | D:5      | Reached skill level 11 in Spellcasting
  5634 | D:5      | Reached skill level 1 in Armour
  7159 | D:7      | Found a broken altar of Ashenzari.
  7159 | D:7      | Found a sparkling altar of Nemelex Xobeh.
  7165 | D:7      | Found a glowing golden altar of the Shining One.
  7177 | D:7      | Reached skill level 5 in Armour
  7400 | D:7      | Found a staircase to the Ecumenical Temple.
  7465 | D:7      | Reached XP level 10. HP: 20/50 MP: 1/27
  8227 | D:7      | Identified the +3 hand crossbow of an ossuary {flame,
                  | Contam Int+4 Dex+4}
  8303 | D:7      | Found a shadowy altar of Dithmenos.
  8306 | D:7      | Found a shimmering altar of Xom.
  8475 | D:8      | Found a sand-covered staircase.
  8493 | D:8      | Noticed a two-headed ogre
  8500 | D:8      | Killed a two-headed ogre
  8527 | Ossuary  | Entered an ossuary
  8992 | Ossuary  | Identified the ring "Ygiups" {rPois rF- Will++ Str+6 Int-3}
 10261 | D:8      | Found an ornate altar of the Wu Jian Council.
 10592 | D:8      | Found Ibbilid's Demolitions Depot.
 12086 | D:9      | Slain by a vampire

Illustrated notes

Levels and vault maps discovered:
D:1:      onia_arrival_pyramid, layout_basic, hellmonk_ecumenical_altar_blasted
D:2:      layout_basic
D:3:      layout_loops_ring, mainiacjoe_overflow_tiny_flanked, slow_altar_2,
          minmay_gold_behind_fungi, uniq_robin
D:4:      layout_layer_cave, uniq_pikel, uniq_grinder, uniq_duvessa,
          uniq_eustachio
D:5:      layout_cave_pools, nicolae_overflow_crystal_walls, minmay_liquid_box,
          minmay_bent, uniq_crazy_yiuf_cottage, uniq_edmund, uniq_sigmund
D:6:      layout_cave_pods
D:7:      layout_rooms, nicolae_overflow_hidden_temple,
          minmay_temple_entry_antechambers, minmay_starry_boxes
D:8:      layout_basic, lemuel_coloured_pillars_altar,
          lightli_ossuary_entry_decrepit_ruins, nicolae_blasting_shop,
          nicolae_sextant
D:9:      layout_basic, dpeg_oklobed_lair, serial_shops, shop

Skill      XL: |  1  2  3  4  5  6  7  8  9 10 |
---------------+-------------------------------+-----
Spellcasting   | 4 7 9 10 11 | 11.0
Conjurations   | 5 7 8 10 | 10.1
Armour         | 6 9 |  9.7
Dodging        | |  2.8
Stealth        | |  2.9

Action                   |  1- 3 |  4- 6 |  7- 9 | 10-12 || total
-------------------------+-------+-------+-------+-------++-------
Melee: Long sword        |    20 |     3 |       |       ||    23
       Club              |       |       |     1 |     2 ||     3
 Cast: Magic Dart        |    70 |    14 |     8 |       ||    92
       Searing Ray       |       |     3 |    73 |    64 ||   140
       Fulminant Prism   |       |       |     3 |       ||     3
       Iskenderun's Myst |       |       |     1 |       ||     1
Evoke: Wand              |       |       |       |     1 ||     1
  Use: Scroll            |       |       |     4 |     3 ||     7
Armor: Robe              |     7 |     3 |    19 |    17 ||    46
Dodge: Dodged            |    21 |     5 |    89 |   146 ||   261
       Rpst.: Long sword |     7 |       |       |       ||     7
